[Event "DFMMLV 2024"]
[Site "Braunfels"]
[Date "2024.06.01"]
[Round "4.11"]
[White "Novikova, Margarita"]
[Black "Steinbacher, Claudia"]
[Result "1/2-1/2"]
[ECO "A47"]
[WhiteElo "1999"]
[BlackElo "2027"]
[Annotator "NA RC"]
[PlyCount "85"]
[EventDate "2024.05.30"]
[EventType "team-tourn"]
[EventCountry "GER"]
[SourceTitle "playchess.com"]
[Source "ChessBase"]
[SourceQuality "1"]
[TimeControl "40/5400+30:1800+30"]

1. d4 Nf6 2. Bf4 b6 3. Nf3 Bb7 4. e3 e6 5. Bd3 Be7 6. h3 d6 {[%emt 0:04:17] A47: 1 d4 Nf6 2 Nf3 b6: Torre, London and Colle Systems.} 7. O-O O-O 8. Nbd2 Nd5 9. Bh2 f5 10. a3 Nf6 11. c4 Ne4 12. Qc2 Nxd2 13. Nxd2 g6 14. b4 Nd7 15. Qb3 Nf6 16. b5 Re8 17. a4 c5 18. dxc5 dxc5 19. Rfd1 Bd6 20. Bxd6 Qxd6 21. a5 Rad8 22. Be2 Qe5 23. Nf3 Rxd1+ 24. Rxd1 Qc7 25. axb6 axb6 26. Qd3 $1 Ne4 (26... Kf7 $14) 27. Ne1 Kf7 28. Bf3 Ke7 29. Bxe4 Bxe4 30. Qc3 Kf7 31. f3 Bb7 32. Qd2 Ke7 $16 (32... e5 $11 {keeps the balance.}) 33. Qb2 Kf7 34. Nd3 e5 35. f4 exf4 36. exf4 Rd8 37. Ne5+ Ke6 38. Re1 Be4 39. Nc6 Ra8 40. Qd2 Qd6 41. Qf2 Kf7 42. Ne5+ Kg8 43. Re2 1/2-1/2

[Event "DFMMLV 2024"]
[Site "Braunfels"]
[Date "2024.06.01"]
[Round "4.12"]
[White "Peglau, Mirjam"]
[Black "Timofeeva, Galina"]
[Result "0-1"]
[ECO "A59"]
[WhiteElo "1948"]
[BlackElo "1981"]
[Annotator "NA RC"]
[PlyCount "82"]
[EventDate "2024.05.30"]
[EventType "team-tourn"]
[EventCountry "GER"]
[SourceTitle "playchess.com"]
[Source "ChessBase"]
[SourceQuality "1"]
[TimeControl "40/5400+30:1800+30"]

1. d4 Nf6 2. c4 c5 3. d5 b5 4. cxb5 a6 5. bxa6 Bxa6 (5... e6 $1 $14) 6. Nc3 g6 7. e4 Bxf1 8. Kxf1 d6 9. g3 Bg7 10. Kg2 O-O 11. Nge2 Nbd7 12. Re1 {[%emt 0:03:33] A59: Benko/Volga Gambit: White castles by hand.} Qa5 13. Qc2 Rfb8 14. Bd2 Ne5 15. b3 Qa6 16. Nc1 (16. Red1 $14) 16... c4 17. Rb1 Ne8 18. b4 Nd3 19. Nxd3 cxd3 20. Qb3 Bxc3 21. Bxc3 Qxa2 22. Qxa2 Rxa2 23. Red1 Ra3 24. Rxd3 Nc7 25. Rf3 f5 26. exf5 Nxd5 27. Bd2 Rxf3 28. Kxf3 gxf5 29. b5 Nb6 30. Kf4 Nc4 $11 31. Bc1 e6 32. Kg5 Kg7 33. Rb4 d5 34. Bb2+ Kf7 35. Bd4 e5 36. Ba7 Rb7 37. b6 Ke6 38. Rb3 d4 39. Rb4 d3 40. Rxc4 d2 41. Rc7 Rxc7 0-1

[Event "DFMMLV 2024"]
[Site "Braunfels"]
[Date "2024.06.01"]
[Round "4.13"]
[White "Valkova, Angelika"]
[Black "Just, Anita"]
[Result "1-0"]
[ECO "A85"]
[WhiteElo "2004"]
[BlackElo "1884"]
[Annotator "NA RC"]
[PlyCount "71"]
[EventDate "2024.05.30"]
[EventType "team-tourn"]
[EventCountry "GER"]
[SourceTitle "playchess.com"]
[Source "ChessBase"]
[SourceQuality "1"]
[TimeControl "40/5400+30:1800+30"]

1. d4 e6 2. c4 f5 3. a3 Nf6 4. Nc3 Be7 5. Bf4 d6 6. e3 {[%emt 0:00:30] A85: Dutch Defence: 2 c4 Nf6 3 Nc3.} O-O 7. Be2 Nbd7 8. Nf3 Qe8 9. O-O Bd8 10. h3 e5 11. Bh2 e4 12. Nd2 g5 13. Qc2 Qg6 (13... Rf7 $14) 14. f3 Re8 (14... exf3 $142 15. Nxf3 (15. Bxf3 Kh8 $14) (15. Rxf3 g4 $11) 15... Ne4) 15. Rad1 (15. Rae1 ) ({White should play} 15. fxe4 Nxe4 16. Ndxe4 fxe4 17. c5) 15... Nf8 16. fxe4 fxe4 17. Ncxe4 Nxe4 {[%emt 0:00:30] [#]} 18. Rde1 $4 (18. Bd3 $1 $18 {is the narrow road to win.}) 18... Bf5 $4 (18... Nxd2 $19 {avoids the disaster.} 19. Qxd2 g4) 19. g4 Nc3 (19... Bd7 {was necessary.}) 20. Bd3 Qh6 21. Bxf5 Qg6 22. Rf3 Qh6 23. Nb1 Na2 24. Nc3 Nxc3 25. Ra1 c5 26. dxc5 Na2 27. Rxa2 dxc5 28. Be4 Ba5 29. Bd5+ Kh8 30. Qf5 (30. b4 $142 Ng6 31. bxa5) 30... Re6 $18 (30... Qg7 $142 31. Bf7 Ng6) 31. Ra1 Qg6 32. Raf1 Kg7 33. Qe5+ Kg8 34. Rf6 Rd8 35. Rxe6 Rxd5 36. cxd5 1-0

[Event "DFMMLV 2024"]
[Site "Braunfels"]
[Date "2024.06.01"]
[Round "4.14"]
[White "Kosovska, Olena"]
[Black "Gheng, Simona"]
[Result "0-1"]
[ECO "B23"]
[WhiteElo "1935"]
[BlackElo "1982"]
[Annotator "NA RC"]
[PlyCount "82"]
[EventDate "2024.05.30"]
[EventType "team-tourn"]
[EventCountry "GER"]
[SourceTitle "playchess.com"]
[Source "ChessBase"]
[SourceQuality "1"]
[TimeControl "40/5400+30:1800+30"]

1. e4 c5 2. Nc3 d6 3. f4 a6 4. Nf3 b5 5. d4 cxd4 6. Nxd4 {[%emt 0:00:40] B23: Closed Sicilian: Lines without g3.} Bb7 7. Bd3 Nf6 8. a3 Nbd7 9. Be3 e5 10. Nf5 g6 11. Ng3 h5 12. h3 Bh6 13. Qd2 h4 14. Nge2 Nc5 15. fxe5 (15. O-O $14 {was preferrable.}) 15... Nxd3+ 16. cxd3 Bxe3 17. Qxe3 dxe5 18. O-O Qe7 (18... O-O $11) 19. Rf3 Nd7 20. Kh1 (20. Raf1 $14 {should be considered.} f5 21. exf5 Bxf3 22. Qxf3) 20... Rd8 21. Raf1 f5 22. R3f2 (22. exf5 $1 $14 Bxf3 23. Rxf3) 22... f4 23. Qa7 Nc5 {[%emt 0:05:35] [#]} 24. Nxf4 $1 exf4 25. Rxf4 Bc8 (25... Ba8 $5 26. Qb6 $8 Qd6 $11 (26... Rxd3 $2 {is the wrong capture.} 27. Nd5 $18)) 26. Qb6 Qd6 $11 (26... Nxd3 27. Qxg6+ (27. Qc6+ Rd7 $18) 27... Kd7 28. Rf7 $18) 27. Qa7 Qe7 28. Qxe7+ Kxe7 29. Nd5+ Rxd5 30. exd5 Bf5 31. d4 Nd3 32. R4f3 Kd6 33. b3 Kxd5 34. Re3 Rc8 35. Rff3 Kxd4 36. Rxd3+ Bxd3 37. Rf4+ Kc3 38. a4 Kxb3 39. axb5 axb5 40. Rxh4 b4 41. Rf4 Kc3 0-1

[Event "DFMMLV 2024"]
[Site "Braunfels"]
[Date "2024.06.01"]
[Round "4.15"]
[White "Heil, Marina"]
[Black "Lowke, Kathrin"]
[Result "0-1"]
[ECO "A45"]
[WhiteElo "1900"]
[BlackElo "1893"]
[Annotator "NA RC"]
[PlyCount "62"]
[EventDate "2024.05.30"]
[EventType "team-tourn"]
[EventCountry "GER"]
[SourceTitle "playchess.com"]
[Source "ChessBase"]
[SourceQuality "1"]
[TimeControl "40/5400+30:1800+30"]

1. d4 Nf6 2. Bg5 g6 3. Bxf6 exf6 4. e3 Bg7 5. c4 d6 6. g3 O-O 7. Bg2 Nd7 8. Ne2 f5 9. O-O Nf6 10. Nbc3 Re8 11. Qc2 {[%emt 0:01:33] was the old line (11.Qd3).} Qe7 {[%emt 0:04:47] A45: Trompowsky Attack.} 12. a3 $146 ({Predecessor:} 12. Nf4 Bh6 13. Nfd5 Nxd5 14. Nxd5 Qd8 15. b4 Bg7 16. b5 Bd7 17. Nb4 Qc8 18. Rab1 c6 19. a4 {1-0 Zivkovic,D (2263)-Pecinar,Z (2177) SRB-chT2 West 2014 (3.3)}) 12... c6 13. b4 Ne4 14. Rab1 Bd7 15. Rfd1 Rac8 16. Qd3 b6 17. a4 Be6 18. Rbc1 d5 19. cxd5 cxd5 20. Nf4 Qd7 21. b5 Rc4 22. Bxe4 fxe4 23. Qd2 Rec8 24. Qb2 Bg4 25. f3 Bxf3 26. Rf1 $19 Bh6 27. Ncxd5 Kg7 28. Rxc4 Rxc4 29. Nc3 Bxf4 30. Rxf3 exf3 31. Kf2 Bxe3+ 0-1

[Event "DFMMLV 2024"]
[Site "Braunfels"]
[Date "2024.06.01"]
[Round "4.16"]
[White "Peglau, Sarah"]
[Black "Wellenreich, Jenni"]
[Result "1-0"]
[ECO "D02"]
[WhiteElo "1851"]
[BlackElo "1831"]
[Annotator "NA RC"]
[PlyCount "93"]
[EventDate "2024.05.30"]
[EventType "team-tourn"]
[EventCountry "GER"]
[SourceTitle "playchess.com"]
[Source "ChessBase"]
[SourceQuality "1"]
[TimeControl "40/5400+30:1800+30"]

1. Nf3 d5 2. d4 Nf6 3. Bf4 e6 4. e3 c5 5. c3 Bd6 6. dxc5 Bxf4 7. Qa4+ Nc6 8. Qxf4 a5 9. Na3 Nd7 10. Qd6 Qe7 11. Nb5 O-O 12. Nc7 Rb8 13. Qxe7 Nxe7 14. b4 b6 15. cxb6 Rxb6 16. a3 Nf6 17. Nd4 Ne4 18. Rc1 Nd6 19. Ncb5 e5 20. Nxd6 exd4 21. Nxc8 Rxc8 22. bxa5 Rb3 23. exd4 Rxa3 24. a6 Raxc3 25. Rxc3 Rxc3 26. Kd2 Ra3 27. Bb5 Ra5 28. Rb1 Kf8 29. Kc3 Nf5 30. Kb4 Ra2 31. Ba4 Nxd4 32. Rc1 Rb2+ 33. Ka5 Rb8 34. a7 Ra8 35. Ka6 Ne2 36. Re1 Nc3 37. Bc6 Rxa7+ 38. Kxa7 f6 39. Re8+ Kf7 40. Kb6 d4 41. Rd8 Ne2 42. Bf3 Ke7 43. Kc7 Nf4 44. Rd7+ Ke8 45. Kc6 d3 46. g3 Ng6 47. Bh5 1-0

[Event "DFMMLV 2024"]
[Site "Braunfels"]
[Date "2024.06.01"]
[Round "4.19"]
[White "Braeutigam, Katerina"]
[Black "Frank, Michelle Viviane"]
[Result "1-0"]
[ECO "C02"]
[WhiteElo "1988"]
[BlackElo "1899"]
[Annotator "RC"]
[PlyCount "84"]
[EventDate "2024.05.30"]
[EventType "team-tourn"]
[EventCountry "GER"]
[SourceTitle "playchess.com"]
[Source "ChessBase"]
[SourceQuality "1"]
[TimeControl "40/5400+30:1800+30"]

1. e4 e6 2. d4 d5 3. e5 b6 4. c3 Qd7 5. a4 a5 6. f4 Ne7 7. Nf3 h5 8. b4 axb4 9. cxb4 Nf5 10. Bd2 Be7 11. Bd3 g6 12. Qc2 O-O 13. Kf2 Na6 14. b5 Nb4 15. Bxb4 Bxb4 16. Rc1 Ra7 17. g3 Qe7 18. Ra2 Bd7 19. Qb3 Rc8 20. Rac2 Ba5 21. Bxf5 exf5 22. Qxd5 Be6 23. Qc6 Rd8 24. Nc3 Bxc3 25. Qxc3 Rda8 26. Qd3 Bd5 27. Nd2 Qd7 28. Rc3 Rd8 29. Qc2 Ba8 30. Rd3 Qd5 31. Nf3 Rd7 32. Qc4 Qxc4 33. Rxc4 Bd5 34. Rb4 Ra8 35. Nd2 Kg7 36. Ke3 Rc8 37. Nb1 h4 38. Nc3 Bb7 39. d5 hxg3 40. hxg3 Rh8 41. Rbd4 Rh1 42. d6 Kf8 1-0

[Event "DFMMLV 2024"]
[Site "Braunfels"]
[Date "2024.06.01"]
[Round "4.21"]
[White "Mundt, Alexandra"]
[Black "Blaschke, Franziska"]
[Result "1-0"]
[ECO "A07"]
[WhiteElo "1874"]
[BlackElo "1915"]
[Annotator "NA RC"]
[PlyCount "113"]
[EventDate "2024.05.30"]
[EventType "team-tourn"]
[EventCountry "GER"]
[SourceTitle "playchess.com"]
[Source "ChessBase"]
[SourceQuality "1"]
[TimeControl "40/5400+30:1800+30"]

1. Nf3 Nf6 2. g3 e6 3. Bg2 d5 4. O-O Be7 5. d3 Nc6 6. Nbd2 O-O 7. e4 dxe4 8. dxe4 e5 9. Qe2 Bg4 10. c3 Re8 {[%emt 0:03:44] A07: Réti Opening: New York and Capablanca Systems.} 11. h3 Be6 12. Nc4 Bxc4 13. Qxc4 Bd6 14. Nh4 Qe7 15. Nf5 Qe6 16. Qe2 a5 17. h4 g6 18. Nh6+ Kg7 19. Kh2 Bf8 (19... Ng8 $16 {was worth a try.}) 20. Bh3 Qe7 21. Bg5 Rad8 22. Qc4 Nb8 23. Kg2 Rd6 24. a4 Rc6 25. Qa2 Rd8 26. h5 Nbd7 27. hxg6 hxg6 28. Bxd7 Rxd7 29. Ng4 Qc5 30. Bxf6+ Rxf6 31. Nxf6 Kxf6 32. Rad1 Rxd1 33. Rxd1 Bd6 34. Rd3 $18 Kg7 35. Rf3 f6 36. Qe6 Be7 37. Rd3 Bd6 38. Qd7+ Kf8 39. Qd8+ Kg7 40. Qd7+ Kf8 41. Rf3 Be7 42. Qc8+ Kg7 43. Qxb7 Qb6 44. Qxb6 cxb6 45. Rd3 Bc5 46. Rd7+ Kf8 47. f4 exf4 48. gxf4 Be7 49. Rb7 Bd8 50. b4 axb4 51. cxb4 Ke8 52. Kf3 Kf8 53. Ra7 Be7 54. a5 Bxb4 55. axb6 Bc5 56. Ra8+ Ke7 57. b7 1-0

[Event "DFMMLV 2024"]
[Site "Braunfels"]
[Date "2024.06.01"]
[Round "4.22"]
[White "Pralle, Katharina"]
[Black "Rosmait, Emily"]
[Result "0-1"]
[ECO "A47"]
[WhiteElo "1960"]
[BlackElo "1896"]
[Annotator "NA RC"]
[PlyCount "98"]
[EventDate "2024.05.30"]
[EventType "team-tourn"]
[EventCountry "GER"]
[SourceTitle "playchess.com"]
[Source "ChessBase"]
[SourceQuality "1"]
[TimeControl "40/5400+30:1800+30"]

1. d4 Nf6 2. Nf3 e6 3. Bf4 b6 4. e3 Bb7 5. Nbd2 Be7 6. Be2 {[%emt 0:00:20] A47: 1 d4 Nf6 2 Nf3 b6: Torre, London and Colle Systems.} O-O 7. O-O d6 8. c3 Nbd7 9. Qc2 c5 10. Rad1 Rc8 11. Bg3 cxd4 12. exd4 a6 13. a4 Nh5 14. Bd3 g6 15. Rde1 Nxg3 16. hxg3 Nf6 17. Ng5 (17. Ra1 $11) 17... Nh5 18. Nh3 Ng7 19. Nf3 Qd7 20. Kh2 b5 21. axb5 axb5 22. Qe2 {[%emt 0:02:38] [#]} b4 $1 23. c4 Bf6 24. Qd2 Nf5 ({Better is} 24... b3 $17 25. Re3 Bxf3 26. Rxf3 Ne8 (26... Bxd4 27. Ra1 $17)) 25. Bxf5 exf5 26. b3 Rfe8 27. Nhg1 $11 Re4 28. Qxb4 Rce8 29. d5 Bc8 30. Qd2 f4 31. gxf4 Qg4 32. Nh3 Qh5 33. Qd3 Bf5 34. Rxe4 Rxe4 35. Qd1 Rxf4 36. Nfg1 Bg4 37. f3 Bd7 38. Qe1 Be5 39. Kh1 Rh4 40. Qf2 Bd4 41. Qd2 Bc5 42. Ra1 Qe5 43. Ra8+ Kg7 44. f4 Qe4 45. Qc3+ Bd4 46. Qg3 Bxh3 47. Kh2 Qxg2+ 48. Qxg2 Bxg2+ 49. Kxg2 Rg4+ 0-1

[Event "DFMMLV 2024"]
[Site "Braunfels"]
[Date "2024.06.01"]
[Round "4.24"]
[White "Krausse, Vanessa"]
[Black "Leib, Britta"]
[Result "0-1"]
[ECO "C01"]
[WhiteElo "1753"]
[BlackElo "1920"]
[Annotator "NA RC"]
[PlyCount "82"]
[EventDate "2024.05.30"]
[EventType "team-tourn"]
[EventCountry "GER"]
[SourceTitle "playchess.com"]
[Source "ChessBase"]
[SourceQuality "1"]
[TimeControl "40/5400+30:1800+30"]

1. e4 e6 2. d4 d5 3. exd5 exd5 4. Nf3 Nf6 5. Be2 Bd6 6. O-O O-O 7. Nc3 c6 {[%emt 0:01:28] C01: French: Exchange Variation.} 8. Re1 Nbd7 9. Bd3 Qc7 10. Ne2 Ne4 11. Ng3 Nxg3 12. fxg3 h6 13. Be3 ({Better is} 13. Bd2 $1) 13... Nf6 14. Ne5 Bxe5 15. dxe5 Ng4 16. Bc5 Re8 17. e6 Rxe6 18. Rf1 Ne3 19. Bxe3 Rxe3 20. Rf3 Re7 21. Qd2 (21. Rf2 $17 {was worth a try.}) 21... Qb6+ 22. Qf2 Qxb2 23. Rf1 Qb6 ({Not} 23... Qxa2 24. Rxf7) 24. Kh1 Qxf2 25. R3xf2 Bd7 26. c4 Rae8 27. cxd5 cxd5 28. h3 Rc8 29. Kh2 $19 Rc3 30. Be2 Be6 31. Rf3 Rxf3 32. Bxf3 Rc7 33. Rb1 b6 34. Kg1 Kf8 35. Kf1 Rc2 36. Ra1 Ke7 37. Ke1 Kd6 38. a3 Kc5 39. Kd1 Rc3 40. Kd2 d4 41. Ra2 Bxa2 0-1

[Event "DFMMLV 2024"]
[Site "Braunfels"]
[Date "2024.06.01"]
[Round "4.25"]
[White "Rath, Alina"]
[Black "Rogozenco, Teodora"]
[Result "0-1"]
[ECO "A11"]
[WhiteElo "2041"]
[BlackElo "1993"]
[Annotator "NA RC"]
[PlyCount "78"]
[EventDate "2024.05.30"]
[EventType "team-tourn"]
[EventCountry "GER"]
[SourceTitle "playchess.com"]
[Source "ChessBase"]
[SourceQuality "1"]
[TimeControl "40/5400+30:1800+30"]

1. c4 c6 2. b3 d5 3. Bb2 Nf6 4. e3 Bf5 5. d4 Bxb1 6. Qxb1 {[%emt 0:03:08] A11: English Opening: 1...c6.} Qa5+ 7. Ke2 Nbd7 8. f3 dxc4 9. bxc4 e5 10. Kf2 Bd6 11. Bd3 exd4 12. Bxd4 O-O 13. Ne2 b6 14. Qe1 (14. Bc3 $11 Qc5 15. Bd4) 14... Ne5 15. Qb1 Qd2 16. Rd1 Nxd3+ 17. Qxd3 Qxd3 18. Rxd3 Be7 19. Rad1 Rfd8 20. h3 b5 21. cxb5 cxb5 22. e4 Rdc8 23. R1d2 a5 24. Bb2 a4 25. e5 Ne8 26. Rd7 (26. f4 $11) 26... Bb4 27. R2d5 {[%emt 0:03:46] [#]} ({White should try} 27. Rd1 $15) 27... Nc7 $1 28. Rd1 $1 Ne6 29. a3 (29. f4 $15) 29... Rc2 30. Bc1 Bc5+ 31. Kf1 b4 32. axb4 Bxb4 33. Nd4 Nxd4 34. R7xd4 Be7 35. R4d2 {[%emt 0:02:04] [#]} Rac8 $1 36. Bb2 a3 37. Bd4 a2 $19 38. Kf2 Rxd2+ 39. Rxd2 Bc5 0-1

[Event "DFMMLV 2024"]
[Site "Braunfels"]
[Date "2024.06.01"]
[Round "4.26"]
[White "Brandt, Carina"]
[Black "Von Herman, Brigitte"]
[Result "1-0"]
[ECO "C56"]
[WhiteElo "2038"]
[BlackElo "1922"]
[Annotator "NA RC"]
[PlyCount "65"]
[EventDate "2024.05.30"]
[EventType "team-tourn"]
[EventCountry "GER"]
[SourceTitle "playchess.com"]
[Source "ChessBase"]
[SourceQuality "1"]
[TimeControl "40/5400+30:1800+30"]

1. e4 e5 2. Nf3 Nc6 3. Bc4 Nf6 4. d4 exd4 5. e5 d5 6. Bb5 Nd7 7. O-O Be7 8. Bxc6 bxc6 9. Nxd4 {[%emt 0:00:43] C56: Two Knights: 4 d4 exd4 5 0-0 Nxe4.} Nb8 10. c4 O-O 11. Qf3 dxc4 12. Rd1 Qd5 13. Qg3 Qe4 14. Nc3 Qg4 15. Bf4 a5 (15... Bc5 $142) 16. Qe3 Bb7 (16... Na6 $1 $15) 17. f3 Qg6 18. g4 Na6 19. Ne4 f5 20. exf6 Bxf6 21. Nf5 Rae8 22. Rd7 $2 (22. Nxf6+ $11 Qxf6 (22... Rxf6 $2 {too greedy.} 23. Ne7+ Rxe7 24. Qxe7 $18) 23. Bg5) 22... Bxb2 23. Rb1 Bc8 $11 ({Better is} 23... Rxf5 $19 24. Rxb2 Bc8) 24. Ne7+ Rxe7 25. Rxe7 c3 26. Bg3 Ba3 27. Re5 c2 28. Qb3+ Qf7 29. Qxc2 Bd6 30. Ng5 Qg6 31. Qxg6 hxg6 32. Rxa5 Nc5 33. Ra8 1-0

[Event "DFMMLV 2024"]
[Site "Braunfels"]
[Date "2024.06.01"]
[Round "4.27"]
[White "Skogvall, Martina"]
[Black "Meyer, Bettina"]
[Result "1-0"]
[ECO "C02"]
[WhiteElo "1952"]
[BlackElo "1981"]
[Annotator "NA RC"]
[PlyCount "77"]
[EventDate "2024.05.30"]
[EventType "team-tourn"]
[EventCountry "GER"]
[SourceTitle "playchess.com"]
[Source "ChessBase"]
[SourceQuality "1"]
[TimeControl "40/5400+30:1800+30"]

1. e4 e6 2. d4 d5 3. e5 c5 4. c3 Nc6 5. Nf3 Qb6 6. Bd3 Bd7 7. dxc5 Bxc5 8. O-O Qc7 9. Re1 {[%emt 0:01:04] C02: French: Advance Variation.} Nge7 10. b4 Bb6 11. a4 a6 12. Ba3 Ng6 13. Bxg6 (13. a5 $1 $14 Ba7 14. Bxg6 hxg6 15. Nbd2) 13... hxg6 14. b5 Na5 15. Bd6 Qc8 16. Nbd2 Nc4 (16... Qxc3 $11 {is more appropriate.} 17. Rc1 Qd3) 17. Nxc4 Qxc4 18. a5 Bc5 19. Bxc5 Qxc5 20. b6 Rc8 21. Re3 Qe7 22. Nd4 Rc4 23. h3 Qc5 24. Nb3 Qe7 25. Nd4 Rh4 (25... O-O $15 {feels stronger.}) 26. Kh2 Rh5 27. Kg1 Qc5 28. Nb3 Qc8 29. Qe1 Ba4 30. Nd2 $18 Rch4 31. g4 d4 32. cxd4 Rxh3 33. gxh5 Rxh5 34. Ne4 Bc6 35. Rc1 Qd8 36. Rxc6 Qh4 37. Rc8+ Kd7 38. Rc7+ Kd8 39. Ng3 1-0

[Event "DFMMLV 2024"]
[Site "Braunfels"]
[Date "2024.06.01"]
[Round "4.28"]
[White "Kotyk, Valeriya"]
[Black "Fock, Amina"]
[Result "1/2-1/2"]
[ECO "D35"]
[WhiteElo "1874"]
[BlackElo "1932"]
[Annotator "NA RC"]
[PlyCount "61"]
[EventDate "2024.05.30"]
[EventType "team-tourn"]
[EventCountry "GER"]
[SourceTitle "playchess.com"]
[Source "ChessBase"]
[SourceQuality "1"]
[TimeControl "40/5400+30:1800+30"]

1. d4 d5 2. c4 e6 3. Nc3 Nf6 4. Bg5 Be7 5. cxd5 exd5 6. e3 O-O 7. Qc2 Re8 8. Bd3 h6 {[%emt 0:00:59] 8...h6 is better than 8...Nbd7.} 9. Bh4 {[%emt 0:00:05] D35: Queen's Gambit Declined: Exchange Variation.} c5 10. Nge2 Nc6 11. dxc5 d4 12. exd4 Nxd4 13. Qd1 Nxe2 14. Bxe2 Qa5 $146 ({Predecessor:} 14... Qxd1+ 15. Rxd1 Bxc5 16. O-O Be6 17. Bb5 Red8 18. Ne4 Be7 19. Nxf6+ Bxf6 20. Bxf6 gxf6 {½-½ Sarana,A (2668)-Lubbe,N (2463) Titled Tuesday intern op 26th Jul Early blitz 2022 (5)}) 15. O-O Bf5 (15... Qxc5 $11 {keeps the balance.} 16. Bf3 Qb4 17. Bxf6 Bxf6) 16. Bb5 Rec8 17. Qf3 Be6 18. Bd3 Qb4 19. Bg3 Bg4 20. Qf4 Qxf4 21. Bxf4 Bxc5 22. Ne4 Nd5 23. Bg3 $11 Nb4 24. Nxc5 Nxd3 25. Nxd3 Be2 26. Rfc1 Bxd3 27. f3 Bf5 28. b4 Be6 29. a3 Rxc1+ 30. Rxc1 Rc8 31. Rxc8+ 1/2-1/2

[Event "DFMMLV 2024"]
[Site "Braunfels"]
[Date "2024.06.01"]
[Round "4.29"]
[White "Guder, Sibylle"]
[Black "Tobianski, Karina"]
[Result "1-0"]
[ECO "D48"]
[WhiteElo "1933"]
[BlackElo "1816"]
[Annotator "NA RC"]
[PlyCount "139"]
[EventDate "2024.05.30"]
[EventType "team-tourn"]
[EventCountry "GER"]
[SourceTitle "playchess.com"]
[Source "ChessBase"]
[SourceQuality "1"]
[TimeControl "40/5400+30:1800+30"]

1. Nf3 d5 2. e3 Nf6 3. c4 dxc4 4. Bxc4 e6 5. O-O a6 6. d4 b5 7. Bd3 Bb7 8. Nc3 Nbd7 9. b3 c5 10. Bb2 Bd6 {[%emt 0:03:47] D48: Semi-Slav: Meran System: 7...b5 8 Bd3 a6.} 11. Rc1 O-O 12. Ne2 Bxf3 13. gxf3 cxd4 14. Nxd4 Nd5 15. f4 Nxf4 16. exf4 Bxf4 17. Qg4 Ne5 18. Bxh7+ Kxh7 19. Qxf4 Ng6 20. Qg3 Qh4 21. Nf3 Qxg3+ 22. hxg3 f6 23. Rc7 e5 24. Rd1 Rfd8 25. Rdc1 Rd3 26. Kg2 Nf8 $18 27. Nh4 Rd2 28. R1c2 Rxc2 29. Rxc2 Ne6 30. Nf5 Ra7 31. Bc1 Kg6 32. Nh4+ Kf7 33. Be3 Rd7 34. Nf5 g6 35. Nh6+ Kg7 36. Ng4 e4 37. Rd2 Rxd2 38. Bxd2 f5 39. Bc3+ Kf7 40. Ne5+ Kf6 41. Nd7+ Ke7 42. Nb8 g5 43. Nxa6 f4 44. Nb4 Kd6 45. Nc2 Kd5 46. Bd2 Kc5 47. Kh3 Kd5 48. Kg4 e3 49. fxe3 fxg3 50. Kxg3 Ke4 51. Ne1 Kf5 52. a4 bxa4 53. bxa4 Nc5 54. a5 Ne4+ 55. Kg2 Nxd2 56. a6 Nc4 57. a7 Nb6 58. Kf3 g4+ 59. Kg3 Ke4 60. Nc2 Ke5 61. Kxg4 Kd6 62. Nb4 Na8 63. e4 Kc7 64. Nd5+ Kb7 65. e5 Kc6 66. e6 Kd6 67. e7 Kd7 68. Kf5 Ke8 69. Kf6 Kd7 70. Kf7 1-0

[Event "DFMMLV 2024"]
[Site "Braunfels"]
[Date "2024.06.01"]
[Round "4.30"]
[White "Darvish Ghane, Luisa Marie"]
[Black "Mazurtsova, Margarita"]
[Result "1/2-1/2"]
[ECO "C01"]
[WhiteElo "1810"]
[BlackElo "1779"]
[Annotator "NA RC"]
[PlyCount "113"]
[EventDate "2024.05.30"]
[EventType "team-tourn"]
[EventCountry "GER"]
[SourceTitle "playchess.com"]
[Source "ChessBase"]
[SourceQuality "1"]
[TimeControl "40/5400+30:1800+30"]

1. e4 e6 2. d4 d5 3. exd5 exd5 4. Nf3 Bd6 5. Bd3 Ne7 6. O-O O-O 7. Re1 Nf5 8. c3 c6 9. Qc2 g6 10. Nbd2 Re8 11. Rxe8+ Qxe8 12. Nf1 Be6 13. Ne3 Nxe3 14. Bxe3 Nd7 15. Re1 Qb8 16. h4 Nf6 17. Bg5 Kg7 18. Bxf6+ Kxf6 19. Ng5 Qg8 20. Qd2 Kg7 21. h5 Re8 22. Nxe6+ Rxe6 23. Rxe6 fxe6 24. Qg5 Qf7 25. h6+ Kg8 26. Qd8+ Bf8 27. Qb8 a6 28. f4 Qe7 29. g3 Kf7 30. Kg2 Qd7 31. Kf3 a5 32. g4 b5 33. g5 Qd6 34. Qa7+ Be7 35. Qxa5 Qb8 36. b4 Bd6 37. a4 Bxf4 38. axb5 Bxg5 39. b6 Qf4+ 40. Kg2 Qd2+ 41. Kh1 Qd1+ 42. Kg2 Qg4+ 43. Kf1 Qf3+ 44. Ke1 Qe3+ 45. Be2 Qxc3+ 46. Kf1 Qh3+ 47. Ke1 Qh1+ 48. Kf2 Qh2+ 49. Kf1 Be3 50. Qa7+ Kf6 51. Qg7+ Kg5 52. Qe7+ Kxh6 53. Qf8+ Kg5 54. Qe7+ Kh6 55. Qf8+ Kg5 56. Qe7+ Kh6 57. Qf8+ 1/2-1/2

[Event "DFMMLV 2024"]
[Site "Braunfels"]
[Date "2024.06.01"]
[Round "4.31"]
[White "Bazzazi, Elnaz"]
[Black "Neumann, Ramona"]
[Result "1-0"]
[ECO "C00"]
[WhiteElo "1840"]
[BlackElo "1774"]
[Annotator "NA RC"]
[PlyCount "97"]
[EventDate "2024.05.30"]
[EventType "team-tourn"]
[EventCountry "GER"]
[SourceTitle "playchess.com"]
[Source "ChessBase"]
[SourceQuality "1"]
[TimeControl "40/5400+30:1800+30"]

1. e4 e6 2. b3 d5 3. Bb2 dxe4 4. Nc3 Nf6 5. g4 h6 6. Bg2 Nc6 7. Nxe4 Bd7 8. Nxf6+ gxf6 9. Qf3 e5 10. O-O-O Bd6 11. Ne2 Qe7 12. Kb1 O-O-O 13. h3 Rhe8 14. Ng3 Qf8 15. Ne4 Ba3 16. Nxf6 Re6 17. Nxd7 Rxd7 18. Rhe1 Bxb2 19. Kxb2 Qb4 20. Qc3 Qxc3+ 21. Kxc3 Ne7 22. Be4 Nd5+ 23. Kb2 Ne7 24. Re3 Rf6 25. Rf3 Rdd6 26. Rxf6 Rxf6 27. f3 Rf4 28. d4 exd4 29. Rxd4 Rf6 30. Kc3 b6 31. Kd2 c5 32. Rd3 a5 33. a4 Kc7 34. Ke3 Nc8 35. f4 Nd6 36. Bd5 Rg6 37. Kf3 f5 38. Re3 fxg4+ 39. hxg4 Kd7 40. f5 Rf6 41. Kf4 Rf8 42. Re6 h5 43. f6 hxg4 44. Kxg4 Ne8 45. Kg5 Rg8+ 46. Kf4 Rf8 47. Ke5 Kc7 48. f7 Ng7 49. Rg6 1-0

[Event "DFMMLV 2024"]
[Site "Braunfels"]
[Date "2024.06.01"]
[Round "4.33"]
[White "Rieping, Lea"]
[Black "Pavlov, Liliane"]
[Result "1-0"]
[ECO "A45"]
[WhiteElo "1966"]
[BlackElo "1846"]
[Annotator "RC"]
[PlyCount "69"]
[EventDate "2024.05.30"]
[EventType "team-tourn"]
[EventCountry "GER"]
[SourceTitle "playchess.com"]
[Source "ChessBase"]
[SourceQuality "1"]
[TimeControl "40/5400+30:1800+30"]

1. d4 Nf6 2. Nc3 e6 3. Bf4 Bb4 4. a3 Ba5 5. b4 Bb6 6. e4 d5 7. e5 Nfd7 8. Nf3 Nc6 9. Na4 Ne7 10. Bd3 Ng6 11. Bg3 a6 12. h4 Ba7 13. h5 Ne7 14. h6 g6 15. Bh4 O-O 16. Qd2 Qe8 17. Nc5 Bxc5 18. bxc5 Nf5 19. Bxf5 exf5 20. O-O Qe6 21. Rfe1 Re8 22. Re2 b6 23. Rae1 Nf8 24. cxb6 Qxb6 25. Qg5 Re6 26. c4 Bb7 27. c5 Qa5 28. Rb1 Bc6 29. Reb2 Bb5 30. Rb3 Nd7 31. g4 fxg4 32. Qxg4 Be2 33. Qf4 Bxf3 34. Rxf3 Rf8 35. c6 1-0